Unix NetHack Version 3.7.0-86 Work-in-progress - last build May 30 2023 11:53:40 (cc98dc9aa62a9957b082a042edf5bd7ec9f632c7,branch:master). Game began 2023-06-27 17:40:21, ended 2023-06-29 13:43:40. UmberConductor, chaotic female orcish Rogue .. }o} :% UmberConductor the Robber St:18/09 Dx:18 Co:18 In:15 Wi:16 Ch:14 Chaotic S:442199 Dlvl:32 $:0 HP:0(134) Pw:14(48) AC:-22 Xp:17/659520 T:45948 Stun Latest messages: You avoid harm. The invisible arch-lich points at you, then curses. What do you want to use or apply? [f-hjkswCGJKNOQUVX or ?*] s In what direction? u Status of the arch-lich (chaotic, medium): Level 26 HP 122(122) AC -6, fast, invisible. You hit the invisible arch-lich! You hit the invisible arch-lich! The silver dragon picks up a gem. The invisible arch-lich vanishes! You stop. Your rock troll is in the way! You swap places with your rock troll. The silver dragon breathes frost! The blast of frost whizzes by you! The blast of frost hits the rock troll. The blast of frost bounces! The purple worm picks up a worthless piece of blue glass. The rock troll picks up a spetum. You climb up the stairs. It is cold here. What do you want to wield? [- evyHV or ?*] L L - an uncursed potion of paralysis (wielded). You can no longer wield two weapons at once. The rock troll steps reluctantly over a pair of iron shoes. The rock troll picks up a pair of iron shoes. The purple worm slithers reluctantly over a helmet. The rock troll picks up a ring mail. The salamander drops a mace. The purple worm drops a worthless piece of blue glass. The rock troll drops a ring mail. The rock troll drops a pair of iron shoes. The rock troll drops a spetum. The salamander picks up a mace. You sense your surroundings. (For instructions type a '?') The invisible Asmodeus appears next to you! You stop waiting. The invisible Asmodeus hits! The invisible Asmodeus knocks you backward with a forceful blow! You move over a pool. You move over a pool. You stagger... The invisible Asmodeus points at you, then curses. You plunge into the wall of water! Some water gets into your bag of holding! Some water gets into your sack! Your towel gets damp. You attempt a teleport spell. The attempted teleport spell fails. You drown. Do you want to see the dungeon overview? q Inventory: Amulets ('"') Y - an uncursed amulet of reflection (being worn) Weapons (')') e - the uncursed rustproof +6 Demonbane v - 10 blessed rustproof +5 daggers (at the ready) y - a blessed +7 crysknife (alternate weapon; not wielded) H - the blessed rustproof +5 Stormbringer Armor ('[') i - an uncursed fireproof +0 pair of water walking boots (being worn) l - a blessed +1 elven leather helm (being worn) t - a blessed fireproof +4 cloak of magic resistance (being worn) P - an uncursed +0 pair of leather gloves (being worn) Z - a blessed +5 blue dragon scale mail (being worn) Comestibles ('%') A - an uncursed clove of garlic I - 2 uncursed lizard corpses Potions ('!') L - an uncursed potion of paralysis (wielded) Rings ('=') o - an uncursed +2 ring of increase damage (on left hand) r - a blessed ring of free action named Once is Twice Too Many (on right hand) F - a blessed ring of levitation named Better to Wish and Have than Not R - a cursed ring of slow digestion W - an uncursed +4 ring of increase accuracy Wands ('/') f - an uncursed wand of fire (0:3) g - an uncursed wand of digging (0:3) h - an uncursed wand of digging (0:4) j - an uncursed wand of sleep (0:2) C - an uncursed wand of lightning (0:2) K - an uncursed wand of striking (0:5) N - an uncursed wand of digging (0:4) Q - an uncursed wand of teleportation (0:0) Tools ('(') k - the blessed Master Key of Thievery s - an uncursed stethoscope w - an uncursed magic whistle G - an uncursed bugle J - the cursed Bell of Opening (0:3) O - a blessed bag of holding containing 125 items U - an uncursed sack containing 4 items V - a blessed +0 unicorn horn X - an uncursed moist towel Gems/Stones ('*') D - an uncursed luckstone Contents of the bag of holding: 2848 gold pieces an uncursed amulet of ESP an uncursed amulet versus poison 13 blessed poisoned +1 darts 10 uncursed +4 shuriken 6 cursed rusty -1 shuriken 10 blessed rustproof +5 daggers an uncursed +0 worm tooth a blessed +2 aklys an uncursed +0 bullwhip an uncursed +3 mace a cursed -1 pair of gauntlets of fumbling a cursed +0 pair of gauntlets of power an uncursed +0 pair of high boots an uncursed +0 mummy wrapping an uncursed +0 set of red dragon scales an uncursed +0 set of silver dragon scales an uncursed apple 4 uncursed C-rations an uncursed carrot 5 uncursed K-rations 6 uncursed lembas wafers 3 uncursed eggs 2 uncursed lizard corpses 2 uncursed lizard corpses a cursed scroll of blank paper a cursed scroll of blank paper a blessed scroll of confuse monster a cursed scroll of confuse monster an uncursed scroll of create monster an uncursed scroll of earth a blessed scroll of genocide an uncursed scroll of gold detection 2 uncursed scrolls of magic mapping an uncursed scroll of stinking cloud a blessed scroll of teleportation an uncursed scroll of teleportation an uncursed novel named The Light Fantastic a blessed potion of extra healing 3 uncursed potions of extra healing a blessed potion of full healing 6 blessed diluted potions of full healing 3 uncursed potions of full healing a blessed potion of invisibility 3 cursed potions of invisibility an uncursed diluted potion of monster detection 3 uncursed potions of paralysis 2 uncursed potions of speed a potion of holy water an uncursed potion of water 2 potions of unholy water an uncursed ring of aggravate monster an uncursed ring of free action a cursed -1 ring of increase damage a cursed -1 ring of increase damage an uncursed ring of polymorph control an uncursed +2 ring of protection a cursed -4 ring of protection an uncursed ring of searching an uncursed ring of see invisible an uncursed ring of see invisible an uncursed ring of shock resistance an uncursed ring of shock resistance an uncursed ring of stealth a cursed ring of teleportation an uncursed wand of cold (0:0) an uncursed wand of death (0:5) an uncursed wand of digging (0:6) an uncursed wand of digging (0:5) an uncursed wand of enlightenment (0:14) an uncursed wand of fire (0:8) an uncursed wand of fire (0:8) an uncursed wand of fire (0:6) an uncursed wand of fire (0:6) an uncursed wand of fire (0:2) an uncursed wand of lightning (0:6) an uncursed wand of lightning (0:3) an uncursed wand of make invisible (0:4) an uncursed wand of opening (0:2) an uncursed wand of polymorph (0:8) an uncursed wand of sleep (0:5) an uncursed wand of speed monster (0:7) an uncursed wand of speed monster (0:4) an uncursed wand of speed monster (0:1) an uncursed wand of striking (0:7) an uncursed wand of striking (0:6) an uncursed wand of striking (0:5) an uncursed wand of striking (0:5) an uncursed wand of striking (0:4) an uncursed wand of teleportation (0:8) an uncursed wand of teleportation (0:6) an uncursed wand of teleportation (0:5) a blessed magic harp named Follies of the Fallen (0:4) an uncursed lock pick an uncursed magic marker named And thank YOU Mr. Water Demon! (0:62) an uncursed magic marker named Thanks, Ms. Water Demon! (0:53) an uncursed magic marker (1:12) an uncursed magic marker (0:8) an uncursed +0 pick-axe an uncursed stethoscope an uncursed tin opener an uncursed +0 unicorn horn an uncursed +0 unicorn horn an uncursed +0 unicorn horn an uncursed +0 unicorn horn an uncursed wax candle 4 uncursed agate stones 2 uncursed amber stones 3 uncursed amethyst stones 2 uncursed aquamarine stones an uncursed citrine stone 2 uncursed diamonds an uncursed dilithium crystal 5 uncursed emeralds 2 uncursed fluorite stones 4 uncursed garnet stones an uncursed jasper stone 2 uncursed jasper stones 3 uncursed obsidian stones 2 uncursed opals 3 uncursed rubies an uncursed sapphire 2 uncursed turquoise stones an uncursed luckstone a blessed touchstone Contents of the sack: a blessed scroll of remove curse an uncursed wand of cancellation (0:2) an uncursed wand of wishing (1:3) an uncursed bag of tricks (0:18) UmberConductor the Rogue's attributes: Background: You were a Robber, a level 17 female orcish Rogue. You were chaotic, on a mission for Kos who was opposed by Issek (lawful) and Mog (neutral). You were in Gehennom, on level 32. You entered the dungeon 45948 turns ago. You had 659520 experience points, 620480 more were needed to attain level 18. Your score was 442199 before end-of-game adjustments. Basics: You had 0 out of 134 hit points. You had 14 out of 48 energy points (spell power). Your armor class was -22. Your wallet was empty, but you had 2848 zorkmids stashed away in your pack. Autopickup was on for '$"?+!=/' plus thrown, with exceptions. Final Characteristics: Your strength was 18/09 (limit:18/50). Your dexterity was 18 (limit:18). Your constitution was 18 (limit:18). Your intelligence was 15 (limit:16). Your wisdom was 16 (limit:16). Your charisma was 14 (limit:16). Final Status: You were underwater. You were stunned. You were not hungry. You were unencumbered. You were wielding a potion. Final Attributes: You were piously aligned. You were magic-protected. You were fire resistant. You were cold resistant. You were sleep resistant. You were disintegration resistant. You were shock resistant. Your items were protected from electric shocks. You were poison resistant. You saw invisible. You were telepathic. You were warned. You had automatic searching. You were clairvoyant. You had infravision. You were stealthy. You could teleport. You had teleport control. You could walk on water. You had a small damage bonus (+2). You had a moderate defense bonus (+9). You were warded. You took half physical damage. You were very fast. You had reflection. You had free action. You were extremely lucky. You had extra luck. Bad luck did not time out for you. Good luck did not time out for you. You are dead. Miscellaneous: You never encountered a bones level. Total elapsed playing time was 1 day, 1 hour, 23 minutes and 51 seconds. Major events: Turn 1: UmberConductor the chaotic female orcish Rogue entered the dungeon 1190: attained the rank of Cutpurse (level 3) 2038: entered the Gnomish Mines 3406: attained the rank of Rogue (level 6) 7299: read a Discworld novel 10025: entered Sokoban 10734: completed 1st Sokoban level 11565: made her first wish - "3 blessed scrolls of charging", got "a scroll labeled VELOX NEB" 11572: wished for "blessed greased +3 cloak of magic resistance", got "a greased opera cloak" 11706: completed 2nd Sokoban level 12503: completed 3rd Sokoban level 14309: completed 4th Sokoban level 15879: attained the rank of Pilferer (level 10) 16033: acquired the Sokoban amulet of reflection 16038: wished for "blessed +3 blue dragon scale mail", got "a blue dragon scale mail" 16083: wished for "blessed bag of holding", got "a bag" 18936: acquired the Mines' End luckstone 29453: attained the rank of Robber (level 14) 30283: killed Medusa 30449: wished for "blessed magic harp named Follies of the Fallen", got "a harp named Follies of the Fallen" 30970: was bestowed with Stormbringer by Kos 32039: wished for "blessed ring of free action named Once is Twice Too Many", got "a black onyx ring named Once is Twice Too Many" 34076: killed the invisible Master Assassin 34076: found the Master Key of Thievery carried by a monster 34077: acquired the Bell of Opening 37347: wished for "magic marker", got "a magic marker" 37824: found Demonbane on the floor 37994: entered Gehennom 38954: wished for "blessed ring of levitation named Better to Wish and Have than Not", got "a gold ring named Better to Wish and Have than Not" 42352: wished for "magic marker", got "a magic marker" 43178: consulted the Oracle 43215: killed the Oracle 43334: wished for "magic marker named Thanks, Ms. Water Demon!", got "a magic marker named Thanks, Ms. Water Demon!" 43377: wished for "magic marker named And thank YOU Mr. Water Demon!", got "a magic marker named And thank YOU Mr. Water Demon!" 43518: reached Mine Town 43609: stole 20 zorkmids worth of merchandise from Izchak's lighting store 45948: drowned in a wall of water, while moving through the air Vanquished creatures: a mastodon Medusa a kraken a storm giant a gray dragon a silver dragon 7 red dragons 3 white dragons 3 black dragons 2 green dragons 3 yellow dragons 6 minotaurs a jabberwock the Master Assassin 4 baluchitheria 4 demiliches an Olog-hai 2 pit fiends a displacer beast 3 titanotheres 2 trappers 3 baby yellow dragons 21 guardian nagas 2 genetic engineers 13 vampire leaders the Oracle 2 aligned clerics a captain 4 liches 2 clay golems 3 nurses an ice devil 3 nalfeshnees 3 lurkers above an Aleax a frost giant 6 ettins a black pudding 12 vampires 5 lieutenants 29 ghosts a winged gargoyle 5 giant mimics 3 long worms a zruty 2 fire giants 2 ogre tyrants 4 ice trolls 4 rock trolls 2 umber hulks 4 elven monarchs 2 doppelgangers 6 hezrous 5 bone devils 15 large mimics 2 wumpuses 9 couatls 6 stalkers an air elemental 3 fire elementals 4 earth elementals 4 water elementals 3 giant mummies 10 black nagas 5 xorns 5 giant zombies 11 elf-nobles 17 sergeants 3 water demons 3 vrocks 3 wargs 2 winter wolves 15 small mimics a glass piercer 3 warhorses 6 xans 4 ettin mummies 6 ogre leaders 3 quantum mechanics 12 trolls a wood golem an erinys 2 mariliths 4 sharks 2 gelatinous cubes 2 pyrolisks 2 large dogs 5 freezing spheres 6 flaming spheres 3 shocking spheres a large cat 4 tigers 2 gargoyles 2 dwarf rulers 8 tengu 3 ochre jellies 4 leocrottas 4 energy vortices a mountain centaur 9 stone giants 3 elf mummies 8 human mummies 4 red nagas 9 pythons 6 pit vipers 8 cobras 30 wraiths a carnivorous ape 9 ettin zombies 2 leather golems 15 Grey-elves 43 soldiers 3 watchmen 3 amorous demons a horned devil 19 chameleons 2 crocodiles 7 giant beetles 5 quivering blobs 12 cockatrices 10 wolves 8 winter wolf cubs a lynx a panther 22 gremlins a spotted jelly 111 leprechauns 3 orc-captains 6 iron piercers 3 mumakil 12 giant spiders 4 scorpions 5 horses 2 ice vortices 6 black lights 8 vampire bats 2 forest centaurs 4 gnome rulers 2 orc mummies 4 dwarf mummies 2 ogres 10 brown puddings 7 rust monsters 5 owlbears 5 yetis 2 gold golems 4 werewolves 24 Green-elves a piranha 7 giant eels 11 lizards 9 chickatrices 3 dingoes a dog 4 housecats 6 jaguars 3 dwarf leaders 5 blue jellies 7 white unicorns 3 gray unicorns 3 dust vortices 12 ravens 8 plains centaurs 6 gnome mummies 4 snakes 8 water moccasins 5 apes 14 human zombies 3 rope golems 12 Woodland-elves 7 soldier ants 2 fire ants 10 bugbears 2 imps 7 quasits 10 wood nymphs 24 water nymphs 6 mountain nymphs 5 Mordor orcs 3 Uruk-hai 4 orc shamans 10 rock piercers 2 rock moles 9 ponies 5 fog clouds 2 yellow lights a shrieker 7 violet fungi 22 gnome leaders 5 gnomish wizards 6 kobold mummies 3 black naga hatchlings 2 gray oozes a barrow wight 14 elf zombies 12 ghouls 4 straw golems 4 paper golems 2 jellyfish a baby crocodile 30 giant ants 4 little dogs 12 floating eyes 3 kittens 27 dwarves 4 homunculi a kobold leader a kobold shaman 5 hill orcs 14 rothes 5 rabid rats 4 centipedes 6 giant bats 17 orc zombies 20 dwarf zombies 3 wererats 3 werejackals 16 iguanas 20 killer bees 8 acid blobs 7 coyotes 6 gas spores 8 hobbits 19 manes 2 large kobolds 10 hobgoblins 2 giant rats 14 cave spiders 5 brown molds 3 yellow molds 6 green molds 59 gnomes 5 garter snakes 13 gnome zombies 11 geckos 23 jackals 4 foxes 2 kobolds 8 goblins a sewer rat 16 grid bugs 5 bats 14 lichens 12 kobold zombies 17 newts 1692 creatures vanquished. Extinct species: leprechauns (extinct) 1 species extinct. Voluntary challenges: You read items or engraved 156 times. You never engraved Elbereth. You never genocided any monsters. You used 11 wishes. You did not wish for any artifacts. You did not violate any of the special Sokoban rules. Achievements: You attained the rank of Cutpurse. You entered a shop. You entered the Gnomish Mines. You attained the rank of Rogue. You entered a temple. You read from a Discworld novel. You entered Sokoban. You attained the rank of Pilferer. You completed Sokoban. You completed the Gnomish Mines. You attained the rank of Robber. You defeated Medusa. You had the Bell of Opening. You entered Gehennom. You consulted the Oracle of Delphi. You entered Minetown. The Dungeons of Doom: levels 1 to 29 Level 1: Level 2: Stairs down to The Gnomish Mines. Level 3: An altar to Kos. Level 4: A general store. Level 5: Oracle of Delphi. Level 6: A potion shop. Stairs up to Sokoban, level 5. Level 7: A delicatessen. Level 8: A general store. Level 9: Level 10: Level 11: Portal to The Quest. Level 12: An altar to Kos. Level 13: A temple to Kos. Level 14: A sink. Level 15: A primitive area. Level 16: An altar to Kos, a fountain. Level 17: Level 18: A fountain, a grave. Level 19: A scroll shop. Level 20: Some fountains, some graves. Level 21: A fountain. Level 22: A temple to Kos. Level 23: Level 24: Some fountains, a sink. Level 25: A fountain. Level 26: A grave. Level 27: Some fountains, many trees. Level 28: Level 29: The castle (play 5-note tune to open or close drawbridge). Connection to Gehennom. Gehennom: levels 30 to 33 Level 30: A temple, many graves. Valley of the Dead. Level 31: Level 32: <- You were here. Final resting place for you, drowned in a wall of water, while moving through the air. Level 33: The Gnomish Mines: levels 3 to 11 Level 3: Level 4: Level 5: Level 6: Many shops, a temple. Level 7: Level 8: Level 9: Level 10: Level 11: The Quest: levels 1 to 6 Level 1: Completed quest for the Master of Thieves. Level 2: Level 3: Level 4: Level 5: Level 6: Sokoban: levels 5 up to 2 Level 2: Solved. Level 3: Solved. Level 4: Solved. Level 5: Solved. Game over: ---------- / \ / REST \ / IN \ / PEACE \ / \ | UmberConductor | | 2848 Au | | drowned in a | | wall of water | | | | | | 2023 | *| * * * | * _________)/\\_//(\/(/\)/\//\/|_)_______ Goodbye UmberConductor the Rogue... You drowned in Gehennom on dungeon level 32 with 441915 points, and 2848 pieces of gold, after 45948 moves. You were level 17 with a maximum of 134 hit points when you drowned.